 Dungeon Crawl Stone Soup version 0.20-a0-1109-ge3cd172 (webtiles) character file.

257 Leszczynek the Cudgeler (level 6, -5/51 HPs)
             Began as a Tengu Wanderer on May 6, 2017.
             Was a Follower of Uskayaw.
             Killed by divine providence
             ... invoked by an orc priest
              (9 damage)
             ... on level 4 of the Dungeon.
             The game lasted 00:14:26 (2284 turns).

Leszczynek the Cudgeler (Tengu Wanderer)            Turns: 2284, Time: 00:14:27

Health: -5/51      AC: 23    Str: 14    XL:     6   Next: 16%
Magic:  11/11      EV:  2    Int: 11    God:    Uskayaw [*.....]
Gold:   149        SH:  0    Dex: 20    Spells: 11/11 levels left

rFire    + . .     SeeInvis .   a - +2 mace
rCold    . . .     Gourm    .   (no shield)
rNeg     + + +     Faith    .   (armour currently unavailable)
rPois    +         Spirit   .   (helmet currently unavailable)
rElec    .         Reflect  .   (cloak currently unavailable)
rCorr    .         Harm     .   (gloves currently unavailable)
MR       .....     NoTele   +   (boots unavailable)
Stlth    +++.......             (no amulet)
Regen    0.2/turn               m - ring of protection from fire
MPRegen  0.2/turn               (no ring)

@: agile, tree-form (expiring)
A: able to fly 1
a: Fly, Stomp, Renounce Religion


You were on level 4 of the Dungeon.
You worshipped Uskayaw.
Uskayaw was noncommittal.
You were not hungry.
You were a tree.
You visited 1 branch of the dungeon, and saw 4 of its levels.

You collected 149 gold pieces.

Inventory:

Hand Weapons
 a - a +2 mace (weapon)
 b - a +0 hunting sling
 s - a +0 whip of flaming
Missiles
 r - 44 sling bullets
Armour
 f - a +0 robe
 j - a cursed +0 ring mail
 n - a +0 ring mail (melded)
Jewellery
 m - a ring of protection from fire (left branch)
Scrolls
 i - 3 scrolls of teleportation {unknown}
 k - a scroll of identify {unknown}
 o - a scroll of enchant weapon {unknown}
 t - a scroll of magic mapping {unknown}
 u - a scroll of amnesia {unknown}
Potions
 e - a potion of magic
 l - a potion of curing {@q1}
Comestibles
 d - 3 bread rations
 h - a chunk of flesh
 p - 2 meat rations


   Skills:
 - Level 1.0 Fighting
 + Level 6.4 Maces & Flails
 - Level 1.0 Throwing
 - Level 1.1 Armour
 - Level 1.6 Dodging
 - Level 1.0 Stealth
 - Level 3.0 Spellcasting
   Level 2.1 Necromancy


You had 11 spell levels left.
You didn't know any spells.

Dungeon Overview and Level Annotations

Branches:
Dungeon (4/15)
 Temple: D:4-7

Altars:
Ru
Uskayaw

Annotations:
D:3 Sigmund, Terence


Innate Abilities, Weirdness & Mutations

((You have a beak for a mouth.))
((You have claws for feet.))
You can fly.


Message History

The orc priest hits you but does no damage.
The orc hits you but does no damage.
You can no longer pass through a line of other dancers.
It was a potion of magic.
Magic courses through your body.
Your transformation is almost over.
The orc priest completely misses you. The orc hits you but does no damage.
It was a potion of curing.
You feel better.
The orc priest calls down the wrath of Beogh upon you.
Beogh smites you!
* * * LOW HITPOINT WARNING * * *
The orc priest mumbles some strange prayers to Beogh against you.
Beogh smites you!
* * * LOW HITPOINT WARNING * * *
The orc hits you but does no damage.
Unknown command.
It was a potion of agility.
You feel agile all of a sudden.
The orc priest calls down the wrath of Beogh upon you.
Beogh smites you!
You die...

# ##############
#####..........(.#
....#.##########.#
......# #.#
#.###.## #♣# ..#
#..# #ooooo...#
#.###..#
#.###.##.#
#......# #.# #
###.##.# #.# # #.
#.# #.# ### #.#
#.# .. #.# #.# ##
#.#


You could see 2 orc priests and 3 orcs.

Vanquished Creatures
  The ghost of braks the Stinger, an amateur OpVM (D:3)
  Natasha (twice) (D:2)
  Robin (D:3)
  5 adders
  2 worms (D:2)
  2 leopard geckos
  3 orcs (D:3)
  4 giant cockroaches
  14 goblins
  7 hobgoblins
  5 jackals
  9 kobolds
  A quokka (D:4)
  6 bats
  A frilled lizard (D:2)
  4 rats
67 creatures vanquished.

Notes
Turn   | Place    | Note
-------+----------+-------------------------------------------
     0 | D:1      | Leszczynek the Tengu Wanderer began the quest for the Orb.
     0 | D:1      | Leszczynek set off with: a +2 mace, the Grimoire of Transmigration, a potion of lignification {!q}, a bread ration, a +0 robe
     0 | D:1      | Reached XP level 1. HP: 10/10 MP: 5/5
     0 | D:1      | 13/11/13 (5/3/4)
     0 | D:1      | Identified the Grimoire of Transmigration
   109 | D:1      | Reached XP level 2. HP: 11/15 MP: 7/7
   112 | D:1      | Reached skill level 3 in Maces & Flails
   624 | D:2      | Reached XP level 3. HP: 18/19 MP: 8/8
   757 | D:2      | Noticed Natasha
   765 | D:2      | Killed Natasha
   765 | D:2      | Reached skill level 4 in Maces & Flails
   889 | D:2      | Found a faded altar of an unknown god.
   936 | D:2      | Reached XP level 4. HP: 19/24 MP: 9/9
   955 | D:2      | Became a worshipper of Uskayaw the Reveler
   955 | D:2      | Reached * piety under Uskayaw
   956 | D:2      | uh huh
   956 | D:2      | okay, then time to explore everything
   977 | D:2      | Reached skill level 1 in Fighting
   978 | D:2      | because i'm playing with no god
  1066 | D:2      | Reached skill level 1 in Dodging
  1066 | D:2      | Reached ** piety under Uskayaw
  1248 | D:2      | Noticed Natasha
  1304 | D:3      | Noticed Terence
  1369 | D:3      | Found a sacrificial altar of Ru.
  1461 | D:3      | Noticed Robin
  1470 | D:3      | Killed Robin
  1470 | D:3      | Gained mutation: You can fly. [Tengu growth]
  1470 | D:3      | Reached XP level 5. HP: 26/29 MP: 10/10
  1551 | D:3      | Noticed braks's ghost (amateur OpVM)
  1594 | D:3      | Killed braks's ghost
  1594 | D:3      | Reached skill level 5 in Maces & Flails
  1851 | D:3      | Noticed Sigmund
  1944 | D:2      | Killed Natasha
  1944 | D:2      | Reached skill level 6 in Maces & Flails
  1944 | D:2      | Reached XP level 6. HP: 21/34 MP: 11/11
  2283 | D:4      | HP: 4/51 [orc priest/divine providence (8)]
  2284 | D:4      | Killed from afar by an orc priest

Vault maps used:
D:1:      roderic_crossed_star, minmay_cupped
D:2:      first_bread, chequers_ecumenical_altar_simple_redux, kennysheep_nub,
          hangedman_decor_diamond_cutter, minmay_misc_feat_more_columns,
          minmay_split_cup_large, uniq_natasha
D:3:      kennysheep_nondescript, nrook_mini_backslash,
          nicolae_ru_sacrificial_ziggurat, uniq_sigmund, uniq_terence,
          uniq_robin
D:4:      uniq_edmund, uniq_eustachio

Skill      XL: |  1  2  3  4  5 |
---------------+----------------+-----
Maces & Flails | 3 4 6 |  6.4
Fighting       | 1 |  1.0
Dodging        | 1 |  1.6
Throwing       | |  1.0
Armour         | |  1.1
Stealth        | |  1.0
Spellcasting   | |  3.0
Necromancy     | |  2.1

Action                   |  1- 3 |  4- 6 || total
-------------------------+-------+-------++-------
Melee: Mace              |    67 |    89 ||   156
       Peck              |     8 |     7 ||    15
       Kick              |     9 |    12 ||    21
 Fire: Hunting sling     |       |    45 ||    45
Throw: Stone             |     1 |       ||     1
  Use: Scroll            |     1 |       ||     1
       Potion            |       |     5 ||     5
  Eat: Chunk             |     1 |     5 ||     6
Armor: Robe              |    15 |       ||    15
       Ring mail         |    16 |    30 ||    46
       Skin              |       |    13 ||    13
Dodge: Dodged            |    47 |    49 ||    96
